 Dungeon Crawl Stone Soup version bcrawl-1.21.2-20-g6d45ba5942 (webtiles) character file.

Game seed: 12167152475400501834

88 Freyura the Sneak (level 4, -5/25 HPs)
             Began as a Felid Monk on Mar 1, 2020.
             Slain by a gnoll sergeant
             ... wielding a +0 spear
              (8 damage)
             ... on level 3 of the Dungeon.
             The game lasted 00:04:28 (2214 turns).

Freyura the Sneak (Felid Monk)                      Turns: 2214, Time: 00:04:28

Health: -5/25      AC:  1    Str:  7    XL:     4   Next: 53%
Magic:  0/6        EV: 21    Int: 11    God:
Gold:   218        SH:  0    Dex: 19    Spells: 3/3 levels left
                                        Lives:  0   Deaths: 1

rFire    . . .     SeeInvis +     - Unarmed
rCold    . . .     Gourm    .   (shield unavailable)
rNeg     . . .     Faith    .   (armour unavailable)
rPois    .         Spirit   +   (helmet unavailable)
rElec    .         Reflect  .   (cloak restricted)
rCorr    .         Harm     .   (gloves unavailable)
MR       .....                  (boots unavailable)
Stlth    ++++......             a - amulet of guardian spirit
HPRegen  0.08/turn              n - ring of see invisible
MPRegen  0.10/turn              (no ring)

@: quick
A: very small, no armour, no weapons or thrown items, stealth, claws 1, fangs 3,
see invisible, carnivore, speed 1, shaggy fur 1, slow metabolism 1, sharp paws
a: no special abilities


You were on level 3 of the Dungeon.
You were very full.

You visited 1 branch of the dungeon, and saw 3 of its levels.

You collected 218 gold pieces.

Inventory:

Jewellery
 a - an amulet of guardian spirit (around neck)
 n - a ring of see invisible (left paw)
 o - an uncursed ring of poison resistance {unknown}
Scrolls
 b - 3 scrolls of identify {unknown}
 c - 2 scrolls of immolation {unknown}
 f - a scroll of fear {unknown}
 h - a scroll of noise {unknown}
 l - a scroll of fog {unknown}
 m - a scroll of enchant armour {unknown}
 p - a scroll of blinking {unknown}
Potions
 d - 3 potions of curing {unknown}
 g - 3 potions of lignification {unknown}
 i - a potion of haste {unknown}
 j - a potion of invisibility {unknown}
 k - a potion of might
Comestibles
 e - 6 rations {!d}


   Skills:
 + Level 3.6 Fighting
 + Level 4.7 Dodging
 * Level 5.1 Stealth
 * Level 4.9 Unarmed Combat
   Level 2.1 Invocations


You had 3 spell levels left.
You didn't know any spells.
Your spell library was empty.

Dungeon Overview and Level Annotations

Branches:
Dungeon (3/12)

Altars:


Innate Abilities, Weirdness & Mutations

You cannot wear almost all types of armour.
You are incapable of wielding weapons or throwing items.
Your paws allow you to move quietly. (Stealth)
You have sharp claws.
You have razor-sharp teeth.
You have supernaturally acute eyesight. (SInv)
You are carnivorous and can eat meat at any time.
You cover ground quickly.
You are covered in fur. (AC +1)
You have a slow metabolism.
Your sharp claws are effective at attacking unaware monsters.


Message History

The gnoll sergeant is lightly wounded.
The gnoll sergeant barely misses you.
You scratch the gnoll sergeant.
The gnoll sergeant is heavily wounded.
The gnoll sergeant hits you with a +0 spear.
You closely miss the gnoll sergeant.
The gnoll sergeant is heavily wounded.
The gnoll sergeant completely misses you.
You barely miss the gnoll sergeant.
You bite the gnoll sergeant, but do no damage.
The gnoll sergeant is heavily wounded.
The gnoll sergeant misses you.
You barely miss the gnoll sergeant.
The gnoll sergeant is heavily wounded.
The gnoll sergeant hits you with a +0 spear!
* * * LOW HITPOINT WARNING * * *
You barely miss the gnoll sergeant.
The gnoll sergeant is heavily wounded.
The gnoll sergeant hits you with a +0 spear!
You die...

#####.#.#)########
........))).......
####.#)....######
#.#.#).########
#.#.#<.........
#.#.#...#######
#.#.#....#
#########.#.###..###
..$...g@.?.........#
#####.###.#.###..#.#
# #.#.# #..#..#
#.#.###..# .#
#.#.#....# ..
#.#.#.#.####..#
#<#...#รท.......
##### #........
.........


You could see a gnoll sergeant.

Vanquished Creatures
  Sigmund (D:2)
  Robin (D:2)
  An adder (D:3)
  A worm (D:2)
  2 leopard geckos (D:2)
  An orc (D:3)
  A giant cockroach (D:1)
  13 goblins
  4 hobgoblins
  A jackal (D:2)
  3 kobolds
  2 bats
  5 frilled lizards
  3 rats
39 creatures vanquished.

Notes
Turn   | Place    | Note
-------+----------+-------------------------------------------
     0 | D:1      | Freyura the Felid Monk began the quest for the Orb.
     0 | D:1      | Reached XP level 1. HP: 12/12 MP: 3/3
   287 | D:1      | Reached XP level 2. HP: 16/16 MP: 4/4
   941 | D:2      | Reached skill level 4 in Stealth
   941 | D:2      | Reached XP level 3. HP: 20/20 MP: 5/5
   941 | D:2      | Reached XP level 4. HP: 24/24 MP: 6/6
   941 | D:2      | Noticed Sigmund
   947 | D:2      | Killed Sigmund
  1607 | D:3      | Noticed Robin
  1616 | D:2      | Slain by a goblin
  1617 | D:2      | Reached XP level 3. HP: -1/20 MP: 0/5
  1726 | D:2      | Killed Robin
  1992 | D:3      | Reached XP level 4. HP: 17/24 MP: 6/6
  2201 | D:3      | Reached skill level 5 in Stealth
  2201 | D:3      | Noticed a gnoll sergeant
  2214 | D:3      | Slain by a gnoll sergeant

Skill      XL: |  1  2  3  4 |
---------------+-------------+-----
Stealth        | 4 5 |  5.1
Unarmed Combat | 4 |  4.9
Fighting       | |  3.6
Dodging        | |  4.7
Invocations    | |  2.1

Action                   |  1- 3 |  4- 6 || total
-------------------------+-------+-------++-------
Melee: Unarmed           |    68 |    54 ||   122
       Bite              |     5 |     8 ||    13
 Stab: Sleeping          |     5 |     2 ||     7
  Eat: Chunk             |     8 |     6 ||    14
Armor: Skin              |     4 |     3 ||     7
Dodge: Dodged            |    57 |    49 ||   106
